 Dungeon Crawl Stone Soup version 0.30.1-11-g7821555f0a (webtiles) character file.

Game seed: 17214750754514295056

70 Jynx the Chopper (level 4, -1/41 HPs)
             Began as a Minotaur Fighter on Jan 10, 2024.
             Slain by a gnoll
             ... wielding a +0 halberd
              (3 damage)
             ... on level 2 of the Dungeon.
             The game lasted 00:01:15 (1091 turns).

Jynx the Chopper (Minotaur Fighter)                 Turns: 1091, Time: 00:01:15

Health: -1/41      AC:  6    Str: 20    XL:     4   Next: 4%
Magic:  3/3        EV:  9    Int:  5    God:
Gold:   78         SH:  0    Dex: 12    Spells: 3/3 levels left

rFire   . . .        a - +0 war axe
rCold   . . .        (no shield)
rNeg    . . .        b - +0 scale mail
rPois   .            (helmet restricted)
rElec   .            (no cloak)
rCorr   .            (no gloves)
SInv    .            (no boots)
Will    .....        (no amulet) Stlth
                     (no ring)
HPRegen 0.26/turn    (no ring)
MPRegen 0.08/turn

%: no passive effects
@: mighty
A: horns 2, retaliatory headbutt
a: no special abilities


You were on level 2 of the Dungeon.
You visited 1 branch of the dungeon, and saw 2 of its levels.

You collected 78 gold pieces.

Inventory:

Hand Weapons
 a - a +0 war axe (weapon)
Armour
 b - a +0 scale mail (worn)
Scrolls
 e - 3 scrolls of identify {unknown}
 g - a scroll of acquirement {unknown}
 h - a scroll of immolation {unknown}
 i - a scroll of teleportation {unknown}
 j - a scroll of amnesia {unknown}
 k - a scroll of poison {unknown}
Potions
 c - a potion of berserk rage {unknown}
 f - a potion of attraction {unknown}
 l - 2 potions of flight {unknown}


   Skills:
 + Level 4.5 Fighting
 * Level 4.5 Axes
 - Level 3.6 Armour
 - Level 3.6 Shields


You had 3 spell levels left.
You didn't know any spells.
Your spell library was empty.

Dungeon Overview and Level Annotations

Branches:
Dungeon (2/15)

Altars:


Innate Abilities, Weirdness & Mutations

You have a pair of horns on your head.
You reflexively headbutt those who attack you in melee.


Message History

2 gnolls come into view.
A gnoll is wielding a +1 heavy spear.
The gnoll shouts!
The goblin shouts!
The gnoll barely misses you.
You hit the gnoll.
The gnoll is moderately wounded.
The gnoll closely misses you. The gnoll barely misses you.
The gnoll hits you with a +0 whip.
You hit the gnoll. You headbutt the gnoll.
The gnoll is almost dead.
The gnoll hits you from afar with a +1 heavy spear.
The gnoll hits you with a +0 whip.
You closely miss the gnoll.
The gnoll is almost dead.
The gnoll hits you but does no damage. The gnoll closely misses you.
You hit the gnoll. Your headbutt misses the gnoll.
The gnoll is almost dead.
The gnoll barely misses you.
The gnoll hits you from afar with a +1 heavy spear.
You barely miss the gnoll.
The gnoll is almost dead.
The gnoll hits you with a +0 whip. The gnoll barely misses you.
The gnoll hits you with a +0 whip.
You barely miss the gnoll. You headbutt the gnoll.
You kill the gnoll!
The gnoll hits you from afar with a +1 heavy spear!
* * * LOW HITPOINT WARNING * * *
You are too injured to fight recklessly!
Unknown command.
You feel very mighty all of a sudden.
The gnoll hits you with a +1 heavy spear!
* * * LOW HITPOINT WARNING * * *
You see here a +0 whip.
You slash the gnoll!
You kill the gnoll!
You have reached level 4!
You feel agile.
You slash the goblin!
You kill the goblin!
The gnoll hits you from afar with a +0 halberd.
You die...

##.##..#.#####
##...#.........
##.......#......
####........#######
..........#.#
#####...##.# #
##.###.#
#..######...##.#
#..g)@...).....#
#.#######<..####
##.## ..# ###


You could see a gnoll.

Vanquished Creatures
  2 gnolls (D:2)
  2 worms (D:2)
  A dart slug (D:2)
  2 ball pythons
  3 bats
  4 endoplasms
  A giant cockroach (D:2)
  3 goblins
  4 hobgoblins
  6 jackals (D:1)
  4 quokkas (D:1)
  2 frilled lizards
  4 kobolds (D:1)
  A rat (D:2)
39 creatures vanquished.

Notes
Turn   | Place    | Note
-------+----------+-------------------------------------------
     0 | D:1      | Jynx the Minotaur Fighter began the quest for the Orb.
     0 | D:1      | Reached XP level 1. HP: 19/19 MP: 0/0
    29 | D:1      | Found a faded altar of an unknown god.
   141 | D:1      | Reached XP level 2. HP: 27/27 MP: 1/1
   729 | D:2      | Reached XP level 3. HP: 32/33 MP: 2/2
  1089 | D:2      | HP: 1/34 [gnoll/+1 heavy spear (7)]
  1091 | D:2      | Reached XP level 4. HP: 1/41 MP: 3/3
  1091 | D:2      | Slain by a gnoll

Illustrated notes

Levels and vault maps discovered:
D:1:      wander_arrival_lonely_grave, layout_basic,
          ebering_ecumenical_altar_hall
D:2:      layout_loops_ring

Skill      XL: |  1  2  3 |
---------------+----------+-----
Axes           | 3 4 |  4.5
Fighting       | 4 |  4.5
Armour         | |  3.6
Shields        | |  3.6

Action                     |  1- 3 |  4- 6 || total
---------------------------+-------+-------++-------
  Melee: War axe           |    69 |     1 ||    70
         Headbutt          |    13 |       ||    13
    Use: Potion            |     1 |       ||     1
 Armour: Scale mail        |    26 |       ||    26
  Dodge: Dodged            |    35 |       ||    35
  Block: Buckler           |     1 |       ||     1
